 Dungeon Crawl Stone Soup version 0.31-a0-960-g0fca184906 (webtiles) character file.

Game seed: 7989535713224369736

2 Azuregosa the Sneak (level 1, -2/16 HPs)
             Began as an Octopode Delver on Oct 23, 2023.
             Slain by a gnoll
             ... wielding a +0 whip
              (9 damage)
             ... on level 5 of the Dungeon.
             The game lasted 00:00:58 (62 turns).

Azuregosa the Sneak (Octopode Delver)                 Turns: 62, Time: 00:00:59

Health: -2/16      AC:  1    Str: 11    XL:     1   Next: 30%
Magic:  1/1        EV: 13    Int: 12    God:
Gold:   12         SH:  0    Dex: 13    Spells: 0/0 levels left

rFire   . . .        a - +0 mace
rCold   . . .        (no shield)
rNeg    . . .        (helmet restricted)
rPois   .            (no amulet)
rElec   .            (no ring)
rCorr   .            (no ring)
SInv    .            (no ring)
Will    .....        (no ring)
Stlth   ++++         (no ring)
HPRegen 0.22/turn    (no ring)
MPRegen 0.07/turn    (no ring)
                     (no ring)

%: no passive effects
@: no status effects
A: almost no armour, amphibious, 8 rings, camouflage 1, gelatinous body 1,
(nimble swimmer 1), tentacles
a: no special abilities


You were on level 5 of the Dungeon.
You visited 1 branch of the dungeon, and saw 1 of its levels.

You collected 12 gold pieces.

Inventory:

Hand Weapons
 a - a +0 mace (weapon)
Wands
 f - a wand of digging (3)
Scrolls
 b - a scroll of fog
 c - 2 scrolls of identify {unknown}
 d - a scroll of fear
Potions
 e - a potion of haste


   Skills:
 - Level 3.0 Fighting
 - Level 2.0 Maces & Flails
 - Level 2.0 Dodging
 + Level 6.7 Stealth


You couldn't memorise any spells.
You didn't know any spells.
Your spell library was empty.

Dungeon Overview and Level Annotations

Branches:
Dungeon (5/15)
 Temple: D:4-7

Altars:
Gozag


Innate Abilities, Weirdness & Mutations

You cannot wear most types of armour.
You are amphibious.
You can wear up to eight rings at the same time.
Your skin changes colour to match your surroundings (Stealth+).
Your rubbery body absorbs attacks. (AC +1, EV +1)
((You are camouflaged when in or above water. (Stealth+)))
You have tentacles for arms and can constrict up to eight enemies at once.


Message History

You curl up in front of the altar of Gozag.
Gozag does not accept service from beggars like you!
The service fee for joining is currently 13 gold; you have none.
Found 12 gold pieces and a scroll labelled INEEXAE WEIT.
Found a stone staircase leading down.
You now have 12 gold pieces.
c - 2 scrolls labelled INEEXAE WEIT (gained 1)
A gnoll comes into view. It is wielding a +0 club.
Found a clear potion. 2 gnolls come into view.
The helpless gnoll fails to defend itself.
You hit the gnoll. You grab the gnoll.
The gnoll is lightly wounded.
You constrict the gnoll. The gnoll misses you.
You hit the gnoll but do no damage.
The gnoll is lightly wounded.
You constrict the gnoll. The gnoll closely misses you.
You hit the gnoll. You squeeze the gnoll.
The gnoll is severely wounded.
You constrict the gnoll, but do no damage.
The gnoll hits you with a +0 club. The gnoll closely misses you.
You barely miss the gnoll.
You squeeze the gnoll, but do no damage.
The gnoll is severely wounded.
You constrict the gnoll, but do no damage.
The gnoll shouts!
The gnoll misses you. x2
You hit the gnoll. You grab the gnoll.
The gnoll is moderately wounded.
You constrict the gnoll. x2; The gnoll closely misses you.
The gnoll hits you with a +0 club.
You hit the gnoll.
The gnoll is almost dead.
You constrict the gnoll. x2
You kill the gnoll!
The gnoll struggles to escape constriction.
The gnoll hits you from afar with a +0 spear.
The gnoll hits you with a +0 whip!
Ouch! That really hurt!
You die...

**,* *,,* **** **,,** * ****,,*
*#####,,,,* * ,,,,,,**
#####....#**,,** ** ,*****,*
#.......#* *,,,****, ,* *,*
##....g..# **,,,**,, ,* *,**
#...)g..#* **,,,,,,, ,* *,,*
##...@...# **,,,,,,,, ,**
**,,*#*#......!.##**,,,,,,,,,
,,***,,,,..#.........##.,,,,,,,..
*,,,,,***...............,,,,,,,..
**,**** *#...................,,..
*,,* #..##...####.......#,,..
,,** #..*##...##*.......#**..
*,** *#.** ##...###.....#* **#
**,* *,,* ##...##.....## *


You could see 2 gnolls.

Vanquished Creatures
  A gnoll (D:5)
  An orc (D:5)
2 creatures vanquished.

Notes
Turn   | Place    | Note
-------+----------+-------------------------------------------
     0 | D:5      | Azuregosa the Octopode Delver began the quest for the Orb.
     0 | D:5      | Reached XP level 1. HP: 16/16 MP: 1/1
    16 | D:5      | Found an opulent altar of Gozag.
    62 | D:5      | Slain by a gnoll

Illustrated notes

Levels and vault maps discovered:
D:5:      layout_layer_cave, old_standard_altar,
          mainiacjoe_overflow_catwalk_spiral

Action                     || total
---------------------------++-------
  Melee: Mace              ||     7
         Constrict         ||     3
         Tentacles         ||     3
    Use: Scroll            ||     1
   Stab: Sleeping          ||     2
 Armour: Skin              ||     4
  Dodge: Dodged            ||     6

Table legend: (Time is in decaauts)
 A = Elapsed time spent in this place.
 B = Non-inter-level travel time spent in this place.
 C = Inter-level travel time spent in this place.
 D = Time resting spent in this place.
 E = Time spent auto-exploring this place.
 F = Levels seen in this place.
 G = Mean time per level.
                   A        B        C        D        E       F      G
               +--------+--------+--------+--------+--------+-----+--------+
         Total |     63 |     63 |      0 |      0 |      0 |   1 |   63.0 |
       Dungeon |     63 |     63 |      0 |      0 |      0 |   1 |   63.0 |
               +--------+--------+--------+--------+--------+-----+--------+

Top non-repeatable levels by time:
     D:5: 63 daAuts
